[Event "40th Nezhmetdinov Rapid 2018"]
[Site "Kazan"]
[Date "2018.09.12"]
[Round "11"]
[White "Sarana, Alexey"]
[Black "Bocharov, Dmitry"]
[Result "1-0"]
[ECO "A06"]
[WhiteElo "2634"]
[BlackElo "2562"]
[Annotator "RC"]
[PlyCount "94"]
[EventDate "2018.09.11"]
[EventType "swiss"]
[EventCountry "RUS"]
[SourceTitle "playchess.com"]
[Source "ChessBase"]
[SourceQuality "1"]
[TimeControl "900+10"]

1. Nf3 d5 2. d4 Bf5 3. c4 e6 4. Nc3 Nf6 5. Bf4 c6 6. Qb3 b6 7. e3 Bd6 8. Ne5 O-O 9. Be2 Qe7 10. O-O Rc8 11. Rac1 Qb7 12. cxd5 exd5 13. Bf3 Be6 14. Nd3 Bf8 15. h3 Nbd7 16. Rfd1 a5 17. a4 h6 18. Bh2 Re8 19. Nf4 Bd6 20. Bg3 Bf5 21. Nfxd5 Bxg3 22. Nxf6+ Nxf6 23. fxg3 Rxe3 24. Qc4 Rc8 25. g4 Be6 26. d5 Nxd5 27. Bxd5 cxd5 28. Qd4 Rg3 29. Qe5 Rgxc3 30. Rxc3 Rc5 31. Rdc1 Qc6 32. Qd4 Rc4 33. Rxc4 dxc4 34. b3 Qe8 35. bxc4 Qxa4 36. Qxb6 Qa3 37. Qd8+ Kh7 38. Qd2 Qc5+ 39. Qf2 Qc6 40. c5 a4 41. Qc2+ g6 42. Qc3 Bd5 43. Rc2 Bb3 44. Rd2 Be6 45. Rd8 f6 46. Rd6 Qe4 47. Qxf6 Qd4+ 1-0